AoeStats
← Mike

Oasis

507912092Analyzed
2v2 RM · 12d ago on Sep 20, 2026· 33m 43s· 4 players
Game mode
Random Map
Map size
Medium (4 player)
Population
200
Speed
Normal
Resources
Standard
Victory
Conquest
Starting age
Dark Age
Ending age
Imperial Age
RankedLock teamsTeams togetherTeam positionsShared explorationLock speedFull tech treeHidden civsTurbo modeCheats
Victory
Defeat
🇩🇪 Armenians · Germany
1007
+16
🇩🇪 Franks · Germany
983
+17
🇦🇷 Khmer · Argentina
1067
-19
🇦🇷 Goths · Argentina
938
-14
Mike
6:15 Loom
10:03 Feudal Age
10:14 Man-at-Arms
11:45 Long Swordsman
13:03 Arson
16:11 Double-Bit Axe
23:09 Castle Age
22:03 Fletching
22:13 Padded Archer Armor
23:47 Bodkin Arrow
24:13 Leather Archer Armor
23:45 Elite Skirmisher
24:00 Crossbowman
25:01 Bow Saw
25:50 Town Watch
26:41 Wheelbarrow
26:53 Scale Mail Armor
28:08 Gold Mining
28:11 Two-Handed Swordsman
29:57 Ballistics
33:37 Champion
TITAN
4:45 Loom
10:49 Feudal Age
11:39 Double-Bit Axe
16:08 Scale Barding Armor
16:14 Forging
21:09 Wheelbarrow
25:52 Castle Age
26:55 Bow Saw
27:00 Squires
26:21 Pikeman
27:28 Padded Archer Armor
27:02 Elite Skirmisher
29:37 Husbandry
30:56 Chain Barding Armor
TonnnyyStarK
11:35 Feudal Age
9:51 Loom
18:00 Horse Collar
26:42 Castle Age
25:18 Wheelbarrow
26:38 Double-Bit Axe
HabermasTAH
11:32 Feudal Age
10:04 Loom
12:45 Double-Bit Axe
16:18 Castle Age
14:55 Horse Collar
16:20 Forging
17:25 Squires
17:48 Pikeman
20:14 Crossbowman
21:42 Fletching
21:55 Scale Mail Armor
26:59 Bow Saw
29:24 Wheelbarrow
29:36 Heavy Plow
31:41 Hand Cart
32:24 Iron Casting
Connection lost

Rejoining the realm…

Still unreachable

The connection could not be restored.

Session expired

The server has moved on; the page needs a fresh start.